 Dungeon Crawl Stone Soup version 0.31.0-11-ge490571c62 (webtiles) character file.

Game seed: 15324922670510229316

46 qw the Shooter (level 3, 0/20 HPs)
             Began as a Deep Elf Hunter on Feb 3, 2024.
             Slain by an adder (2 damage)
             ... on level 2 of the Dungeon.
             The game lasted 00:00:03 (839 turns).

qw the Shooter (Deep Elf Hunter)                     Turns: 839, Time: 00:00:04

Health: 0/20       AC:  3    Str: 10    XL:     3   Next: 44%
Magic:  5/5        EV: 12    Int: 13    God:
Gold:   95         SH:  0    Dex: 18    Spells: 2/2 levels left

rFire   . . .        a - +0 shortbow
rCold   . . .        (shield currently unavailable)
rNeg    . . .        c - +0 leather armour
rPois   .            (no helmet)
rElec   .            (no cloak)
rCorr   .            (no gloves)
SInv    .            (no boots)
Will    +....        (no amulet)
Stlth   ++           g - ring of willpower
HPRegen 0.23/turn    (no ring)
MPRegen 0.09/turn

%: no passive effects
@: lethally poisoned (0 -> -1)
A: no striking features
a: no special abilities


You were on level 2 of the Dungeon.
You visited 1 branch of the dungeon, and saw 2 of its levels.

You collected 95 gold pieces.


   Skills:
 - Level 1.5 Fighting
 + Level 7.0 Ranged Weapons
 - Level 2.4 Dodging
 - Level 1.2 Stealth


You had 2 spell levels left.
You didn't know any spells.
Your spell library was empty.

Inventory:

Hand Weapons
 a - a +0 shortbow (weapon)
Armour
 c - a +0 leather armour (worn)
Jewellery
 g - a ring of willpower (left hand)
Scrolls
 e - a scroll of teleportation {unknown}
Potions
 b - a potion of enlightenment {unknown}
 d - a potion of resistance

Dungeon Overview and Level Annotations

Branches:
Dungeon (2/15)

Altars:


Message History

The adder closely misses you. The jackal closely misses you.
The jackal bites you but does no damage.
The adder closely misses you.
You shoot an arrow. The arrow hits the adder!
The adder is severely wounded.
The jackal misses you. The jackal barely misses you. The adder misses you.
The jackal bites you but does no damage.
The jackal barely misses you. The adder closely misses you.
You shoot an arrow. The arrow hits the adder.
You kill the adder!
The jackal closely misses you. x2; The adder bites you.
You are poisoned.
The adder poisons you!
Your Ranged Weapons skill increases to level 7!
You shoot an arrow. The arrow hits the adder.
The adder is moderately wounded.
You feel sick. The jackal misses you. The adder barely misses you.
The jackal bites you. The ball python barely misses you.
The ball python grabs you. The ball python constricts you.
The jackal bites you.
You shoot an arrow. The arrow hits the ball python.
The ball python is moderately wounded.
You feel sick. The adder completely misses you.
The jackal barely misses you. x2
The ball python bites you. The ball python constricts you.
The adder bites you but does no damage.
You shoot an arrow. The arrow hits the ball python!
You kill the ball python!
You feel sick. The jackal barely misses you. The jackal closely misses you.
The adder barely misses you.
The jackal bites you but does no damage.
The jackal barely misses you.
The jackal bites you but does no damage.
You shoot an arrow. The arrow hits the adder.
The adder is heavily wounded.
You feel sick. The adder bites you. The jackal barely misses you.
The jackal closely misses you. x2; The adder barely misses you.
The jackal bites you.
You shoot an arrow. The arrow closely misses the adder.
You feel sick. The jackal misses you. The jackal barely misses you.
The jackal closely misses you. The adder bites you.
You die...

### # .. . ## #
#... #... # #.#.
.#. # #...#..# #
#.....) # #.....
#..#h#####
########
#..h@h...###
#.......
#..S....#..#
##.#####
#...#..#.### #.#
#.#...#.### #.#
#....#....# #.#
#....[.###.# #.#
#..#.....### #.#
##.....#.#.# ##.#
#....#..#.###:##.#


You could see an adder and 3 jackals.

Vanquished Creatures
  An adder (D:2)
  7 bats
  An endoplasm (D:1)
  A giant cockroach (D:1)
  3 goblins
  2 hobgoblins (D:1)
  2 jackals (D:1)
  A quokka (D:1)
  4 ball pythons
  4 frilled lizards
  8 kobolds
  5 rats
39 creatures vanquished.

Notes
Turn   | Place    | Note
-------+----------+-------------------------------------------
     0 | D:1      | qw the Deep Elf Hunter began the quest for the Orb.
     0 | D:1      | Reached XP level 1. HP: 12/12 MP: 3/3
     0 | D:1      | 0 ||| qw: Version: 0.3-a-158-g18b3111
     0 | D:1      | 0 ||| qw: Game counter: 4215
     0 | D:1      | 0 ||| qw: Melee chars always use a shield: true
     0 | D:1      | 0 ||| qw: God list: Okawaru
     0 | D:1      | 0 ||| qw: Allow faded altars: false
     0 | D:1      | 0 ||| qw: Do Orc after clearing Dungeon:15 true
     0 | D:1      | 0 ||| qw: Do second Lair branch before Depths: true
     0 | D:1      | 0 ||| qw: Lair rune preference: random
     0 | D:1      | 0 ||| qw: Goals: Normal
     0 | D:1      | 0 ||| PLANNING D:1-11
    69 | D:1      | Reached XP level 2. HP: 16/16 MP: 4/4
    98 | D:1      | Reached skill level 6 in Ranged Weapons
   654 | D:1      | 654 ||| UPGRADING to ring of willpower.
   655 | D:1      | 655 ||| READING 2 scrolls labelled ULOGUESIAT.
   655 | D:1      | 655 ||| IDENTIFYING glowing amethyst potion
   656 | D:1      | 656 ||| READING scroll of identify.
   656 | D:1      | 656 ||| IDENTIFYING scroll labelled FUTEXZ HORATZ
   657 | D:1      | 657 ||| READING scroll labelled PICVUNE KIUMM.
   658 | D:1      | 658 ||| DROPPING scroll of butterflies.
   659 | D:1      | 659 ||| DROPPING scroll of poison.
   702 | D:2      | Reached XP level 3. HP: 20/20 MP: 5/5
   835 | D:2      | Reached skill level 7 in Ranged Weapons
   838 | D:2      | HP: 3/20 [adder (3)]
   839 | D:2      | Slain by an adder

Levels and vault maps discovered:
D:1:      wander_arrival_fairy_ring, layout_basic, grunt_decor_junction
D:2:      layout_rooms, minmay_increasing_density

Skill      XL: |  1  2  3 |
---------------+----------+-----
Ranged Weapons | 6 7 |  7.0
Fighting       | |  1.5
Dodging        | |  2.4
Stealth        | |  1.2

Action                     || total
---------------------------++-------
   Fire: Shortbow          ||    95
    Use: Scroll            ||     3
 Armour: Leather armour    ||    27
  Dodge: Dodged            ||    50

Table legend:
 A = Non-vault XP
 B = Vault XP
 C = Vault XP percentage of total XP
 D = Non-vault monster count
 E = Vault monster count
 F = Vault count percentage of total count
                 A         B        C        D         E       F
            +---------+---------+-------+---------+---------+-------
      Total |      62 |       4 |   6.1 |      35 |       4 |  10.3
            +---------+---------+-------+---------+---------+-------
        D:1 |      40 |       0 |   0.0 |      27 |       0 |   0.0
        D:2 |      22 |       4 |  15.4 |       8 |       4 |  33.3
            +---------+---------+-------+---------+---------+-------
